 Dungeon Crawl Stone Soup version 0.27-a0-1101-ge311f74bc8 (webtiles) character file.

Game seed: 3353864427219531384

311 voltaire321 the Caller (level 6, -1/36 HPs)
             Began as a Kobold Summoner on Apr 28, 2021.
             Slain by a sky beast (5 damage)
             ... on level 4 of the Dungeon.
             The game lasted 00:16:34 (5411 turns).

voltaire321 the Caller (Kobold Summoner)            Turns: 5411, Time: 00:16:35

Health: -1/36      AC:  6    Str:  7    XL:     6   Next: 70%
Magic:  6/11       EV: 16    Int: 19    God:
Gold:   109        SH:  0    Dex: 16    Spells: 5/11 levels left

rFire    . . .     SeeInvis .   j - +5 club
rCold    + . .     Faith    .   (shield restricted)
rNeg     . . .     Spirit   .   l - +2 robe "Biufateu" {Int+3}
rPois    .         Reflect  .   (no helmet)
rElec    .         Harm     .   s - scarf {repulsion}
rCorr    .         Rampage  .   v - +0 pair of gloves
Will     .....                  u - +0 pair of boots
Stlth    ++++......             (no amulet)
HPRegen  0.12/turn              c - ring of protection from cold
MPRegen  0.12/turn              (no ring)

@: flying, studying Staves, repel missiles
A: small, no large weapons, nightstalker 3
a: no special abilities


You were on level 4 of the Dungeon.
You visited 1 branch of the dungeon, and saw 4 of its levels.

You collected 109 gold pieces.

Inventory:

Hand Weapons
 e - a +0 short sword
 j - a +5 club (weapon)
 n - a +1 vampiric dagger
Missiles
 k - 8 curare-tipped darts
 p - 48 poisoned darts
Armour
 l - the +2 robe "Biufateu" (worn) {Int+3}
   (You found it on level 4 of the Dungeon)

   It affects your intelligence (+3).
 s - a scarf of repulsion (worn)
 u - a +0 pair of boots (worn)
 v - a +0 pair of gloves (worn)
Jewellery
 c - a ring of protection from cold (left hand)
Scrolls
 d - 4 scrolls of identify
 h - a scroll of acquirement {unknown}
 m - a scroll of fog {unknown}
 o - 2 scrolls of teleportation {unknown}
 q - a scroll of immolation
Potions
 f - a potion of brilliance {unknown}
 g - a potion of cancellation {unknown}
 i - a potion of flight
 r - a potion of lignification {unknown}
 t - a potion of magic {unknown}


   Skills:
 + Level 2.4 Fighting
 + Level 2.7 Short Blades
 + Level 4.0 Dodging
 + Level 4.6 Stealth
 + Level 3.3 Spellcasting
 + Level 4.7 Summonings


You had 5 spell levels left.
You knew the following spells:

 Your Spells              Type           Power      Damage    Failure   Level
a - Call Imp              Summ           21%        N/A       3%          2
b - Call Canine Familiar  Summ           21%        N/A       6%          3
c - Summon Small Mammal   Summ           84%        N/A       2%          1

Your spell library contained the following spells:

 Spells                   Type           Power      Damage    Failure   Level
 Magic Dart               Conj           12%        1d3       14%         1
 Summon Guardian Golem    Hex/Summ       12%        N/A       17%         3
 Searing Ray              Conj           6%         3d3       22%         2
 Dazzling Flash           Conj/Hex       6%         N/A       41%         3
 Summon Ice Beast         Ice/Summ       12%        N/A       50%         4
 Summon Lightning Spire   Summ/Air       12%        N/A       50%         4
 Fulminant Prism          Conj/Hex       1%         3d6       82%         4
 Iskenderun's Mystic Bla  Conj/Tloc      3%         2d3       82%         4


Dungeon Overview and Level Annotations

Branches:
Dungeon (4/15)             Temple (0/1) D:4

Altars:
Hepliaklqana


Innate Abilities, Weirdness & Mutations

You are small and have problems with some larger weapons.
You are completely attuned to the shadows.


Message History

An adder comes into view.
Something barely misses your crimson imp.
Your crimson imp blinks!
Casting: Call Imp (safe; 3% risk of failure)
Confirm with . or Enter, or press ? or * to list all spells.
A beastly little devil appears in a puff of flame.
The adder hisses angrily.
Casting: Call Imp (safe; 3% risk of failure)
Confirm with . or Enter, or press ? or * to list all spells.
A beastly little devil appears in a puff of frigid air.
The adder completely misses you.
Something barely misses your crimson imp.
The adder misses you.
You barely miss the adder. The adder completely misses you.
Your crimson imp closely misses the adder.
Your crimson imp hits the adder but does no damage.
Your white imp completely misses something.
You hit the adder.
The adder is moderately wounded.
The adder barely misses you. Something hits you but does no damage.
Your crimson imp hits the adder.
The adder misses you.
Your crimson imp blinks!
Your white imp barely misses something.
Something barely misses you.
You sock the adder!
You kill the adder!
Your crimson imp misses something.
Something hits you.
* * * LOW HITPOINT WARNING * * *
Something shocks you.
* * * LOW HITPOINT WARNING * * *
Your Dodging skill increases to level 4!
It was a potion of flight.
You feel very buoyant.
You fly up into the air.
Your crimson imp closely misses something.
Something hits you but does no damage.
Your crimson imp closely misses something.
Something hits you.
* * * LOW HITPOINT WARNING * * *
Something shocks you.
You die...

######*,,,**...............#####.
# **,,####..#.#.##.....# #.
*,,,..........##....## #.
*,,,.....#.####.###.# ##
*,,,######.# *#,*,## **,** #.#
**,** *,* ###.###***,***** *,*
#....5#*,,,,,,,* *,*
#.5@..#*,*,***,* **,**
#...5.#*,*,***,* *,,,*
#.....#*,*,,**,* *,*,*
#.....#*,**,**,* *,,,*
#######*,**,**,* *,*********
*,,,,,,,* *,*,,,,,,,* ****,****
*,*,*****,* *,* *,,,,,,**,* *,*


You could see 2 friendly crimson imps and a friendly white imp (summoned).

Vanquished Creatures
  Crazy Yiuf (D:2)
  Jessica (D:2)
  6 adders
  An ufetubus (D:4)
  An adder skeleton (D:4)
  A worm (D:2)
  2 dart slugs
  An orc (D:2)
  9 ball pythons
  6 endoplasms
  3 giant cockroaches
  5 goblins
  2 jackals (D:3)
  5 bats
  3 frilled lizards
  5 kobolds
  8 rats
60 creatures vanquished.

Vanquished Creatures (collateral kills)
  A black bear (D:4)
  2 scorpions (D:4)
  An adder (D:2)
  2 hobgoblins
  2 ball pythons
8 creatures vanquished.

Grand Total: 68 creatures vanquished

Notes
Turn   | Place    | Note
-------+----------+-------------------------------------------
     0 | D:1      | voltaire321 the Kobold Summoner began the quest for the
                  | Orb.
     0 | D:1      | Reached XP level 1. HP: 10/10 MP: 3/3
   220 | D:1      | Reached XP level 2. HP: 11/16 MP: 5/5
   403 | D:1      | Learned a level 2 spell: Call Imp
   929 | D:2      | Reached skill level 1 in Fighting
  1012 | D:2      | Reached XP level 3. HP: 17/20 MP: 6/6
  1096 | D:2      | Noticed Jessica
  1097 | D:2      | Found a faded altar of an unknown god.
  1101 | D:2      | Killed Jessica
  1102 | D:2      | Reached skill level 1 in Short Blades
  1409 | D:2      | Reached XP level 4. HP: 25/25 MP: 7/7
  2211 | D:2      | Found a runed translucent door.
  2214 | D:2      | Noticed Crazy Yiuf
  2579 | D:2      | Killed Crazy Yiuf
  2888 | D:3      | Found a hazy altar of Hepliaklqana.
  2947 | D:3      | Reached XP level 5. HP: 29/29 MP: 9/9
  3129 | D:3      | Learned a level 3 spell: Call Canine Familiar
  3562 | D:4      | HP: 1/30 [poisoned by an adder]
  3943 | D:4      | Noticed a sky beast
  4230 | D:4      | Noticed a black bear
  4236 | D:4      | Killed a black bear
  4237 | D:4      | Reached XP level 6. HP: 4/35 MP: 10/10
  5002 | D:4      | Identified the +2 robe "Biufateu" {Int+3}
  5411 | D:4      | Slain by a sky beast

Illustrated notes

Levels and vault maps discovered:
D:1:      noname_arrival_rooms_in_the_neighbourhood, layout_loops_ring
D:2:      layout_basic, hellmonk_ecumenical_altar_lost_god,
          uniq_crazy_yiuf_cottage, uniq_jessica
D:3:      layout_rooms, nicolae_overflow_hidden_temple, minmay_misc_feat_room,
          kennysheep_generic_room_4
D:4:      layout_loops_cross, minmay_temple_entry_from_below_a

Skill      XL: |  1  2  3  4  5  6 |
---------------+-------------------+-----
Stealth        | 3 4 |  4.6
Fighting       | 1 2 |  2.4
Short Blades   | 1 2 |  2.7
Dodging        | 3 4 |  4.0
Spellcasting   | 3 |  3.3
Summonings     | |  4.7

Action                   |  1- 3 |  4- 6 || total
-------------------------+-------+-------++-------
Melee: Mace              |    11 |       ||    11
       Short sword       |    16 |       ||    16
       Falchion          |     3 |       ||     3
       Club              |     5 |   148 ||   153
 Cast: Summon Small Mamm |     2 |       ||     2
       Call Imp          |     2 |    16 ||    18
  Use: Scroll            |       |     6 ||     6
       Potion            |       |     2 ||     2
 Stab: Sleeping          |    15 |    18 ||    33
       Distracted        |       |     1 ||     1
Armor: Robe              |     2 |    16 ||    18
Dodge: Dodged            |    18 |   149 ||   167

Table legend: (Time is in decaauts)
 A = Elapsed time spent in this place.
 B = Non-inter-level travel time spent in this place.
 C = Inter-level travel time spent in this place.
 D = Time resting spent in this place.
 E = Time spent auto-exploring this place.
 F = Levels seen in this place.
 G = Mean time per level.
                   A        B        C        D        E       F      G
               +--------+--------+--------+--------+--------+-----+--------+
         Total |   5461 |   5284 |    177 |   1753 |   2566 |   4 | 1365.2 |
       Dungeon |   5461 |   5284 |    177 |   1753 |   2566 |   4 | 1365.2 |
               +--------+--------+--------+--------+--------+-----+--------+

Top non-repeatable levels by time:
     D:2: 1936 daAuts
     D:4: 1726 daAuts
     D:3: 946 daAuts
     D:1: 852 daAuts
